 Dungeon Crawl Stone Soup version 0.28-a0-906-g0406aca7d3 (webtiles) character file.

Game seed: 15804471447571250996

7 Sabo the Firebug (level 2, 0/24 HPs)
             Began as an Ogre Fire Elementalist on Nov 23, 2021.
             Slain by a kobold (1 damage)
             ... on level 1 of the Dungeon.
             The game lasted 00:02:39 (414 turns).

Sabo the Firebug (Ogre Fire Elementalist)            Turns: 414, Time: 00:02:39

Health: 0/24       AC:  3    Str: 11    XL:     2   Next: 4%
Magic:  1/5        EV:  9    Int: 16    God:
Gold:   8          SH:  0    Dex:  9    Spells: 5/6 levels left

rFire   . . .      SeeInvis .   (no weapon)
rCold   . . .      Faith    .   (no shield)
rNeg    . . .      Spirit   .   a - +0 robe
rPois   .          Reflect  .   (helmet restricted)
rElec   .          Harm     .   (no cloak)
rCorr   .          Rampage  .   (gloves unavailable)
Will    .....                   (boots unavailable)
Stlth   +.........              (no amulet)
HPRegen 0.08/turn               (no ring)
MPRegen 0.09/turn               (no ring)

@: no status effects
A: large, unfitting armour, tough skin 1
a: no special abilities


You were on level 1 of the Dungeon.
You visited 1 branch of the dungeon, and saw 1 of its levels.

You collected 8 gold pieces.

Inventory:

Armour
 a - a +0 robe (worn)
Scrolls
 b - a scroll of blinking {unknown}
 c - a scroll of holy word {unknown}


   Skills:
 + Level 1.9 Dodging
 + Level 1.4 Stealth
 + Level 2.5 Spellcasting
 + Level 0.8 Conjurations
 + Level 3.0 Fire Magic


You had 5 spell levels left.
You knew the following spells:

 Your Spells              Type           Power      Damage    Failure   Level
a - Foxfire               Conj/Fire      32%        2x1d5     9%          1

Your spell library contained the following spells:

 Spells                   Type           Power      Damage    Failure   Level
 Scorch                   Fire           22%        2d6       9%          2
 Conjure Flame            Conj/Fire      8%         6-21      26%         3
 Inner Flame              Hex/Fire       6%         N/A       32%         3
 Flame Wave               Conj/Fire      8%         3d4       65%         4


Dungeon Overview and Level Annotations

Branches:
Dungeon (1/15)

Altars:


Innate Abilities, Weirdness & Mutations

You are too large for most types of armour.
You have tough skin. (AC +1)


Message History

Casting: Foxfire (safe; 9% risk of failure)
Confirm with . or Enter, or press ? or * to list all spells.
You conjure some foxfire!
A nearby plant withers and dies.
The kobold hits you with a +0 short sword. x2
Your foxfire dissipates!
The foxfire hits the kobold.
The kobold is severely wounded.
You miss the kobold.
The kobold is heavily wounded.
The kobold barely misses you.
You closely miss the kobold.
The kobold is moderately wounded.
The kobold hits you with a +0 short sword.
You hit the kobold.
The kobold is heavily wounded.
The kobold barely misses you.
The kobold hits you with a +0 short sword.
Casting: Foxfire (safe; 9% risk of failure)
Confirm with . or Enter, or press ? or * to list all spells.
You conjure some foxfire!
The kobold barely misses you. The kobold hits you with a +0 dagger.
* * * LOW HITPOINT WARNING * * *
The kobold hits you with a +0 short sword.
* * * LOW HITPOINT WARNING * * *
You hit the kobold.
The kobold is severely wounded.
The foxfire hits the kobold.
You kill the kobold!
The foxfire hits the kobold.
You kill the kobold!
The kobold misses you.
Your Fire Magic skill increases to level 3!
You have reached level 2!
You closely miss the kobold. The kobold closely misses you.
You hit the kobold.
The kobold is moderately wounded.
The kobold hits you with a +0 short sword.
* * * LOW HITPOINT WARNING * * *
The kobold hits you with a +0 dagger.
You die...

#...........
#......##...
#......# ...
#)###### ...
#####.##### ...
#...).....# ..
###.......).# . P♣♣
#...........# ...P
#@K.........# ....P
#KK.........#
....÷.#.#.........#
.§......#.........#
......#.#.........#
.÷..PP#.#.........#
..≈PP #.#.........#
#♣P♣♣ #.###########
## #.#


You could see 3 kobolds.

Vanquished Creatures
  3 goblins (D:1)
  A hobgoblin (D:1)
  2 kobolds (D:1)
  A rat (D:1)
7 creatures vanquished.

Vanquished Creatures (others)
  11 foxfires (D:1)
  8 plants (D:1)
19 creatures vanquished.

Grand Total: 26 creatures vanquished

Notes
Turn   | Place    | Note
-------+----------+-------------------------------------------
     0 | D:1      | Sabo the Ogre Fire Elementalist began the quest for the
                  | Orb.
     0 | D:1      | Reached XP level 1. HP: 16/16 MP: 3/3
   413 | D:1      | Reached skill level 3 in Fire Magic
   413 | D:1      | Reached XP level 2. HP: 3/24 MP: 1/5
   414 | D:1      | HP: 1/24 [kobold (3)]
   414 | D:1      | Slain by a kobold

Illustrated notes

Levels and vault maps discovered:
D:1:      amcnicky_arrival_underground_garden, layout_basic,
          lexackson_kobold_supper

Skill      XL: |  1 |
---------------+----+-----
Fire Magic     | 3 |  3.0
Dodging        | |  1.9
Stealth        | |  1.4
Spellcasting   | |  2.5
Conjurations   | |  0.8

Action                   || total
-------------------------++-------
Melee: Unarmed           ||    21
 Cast: Foxfire           ||     8
Armor: Robe              ||     2
Dodge: Dodged            ||    14

Table legend: (Time is in decaauts)
 A = Elapsed time spent in this place.
 B = Non-inter-level travel time spent in this place.
 C = Inter-level travel time spent in this place.
 D = Time resting spent in this place.
 E = Time spent auto-exploring this place.
 F = Levels seen in this place.
 G = Mean time per level.
                   A        B        C        D        E       F      G
               +--------+--------+--------+--------+--------+-----+--------+
         Total |    414 |    414 |      0 |    231 |      0 |   1 |  414.0 |
       Dungeon |    414 |    414 |      0 |    231 |      0 |   1 |  414.0 |
               +--------+--------+--------+--------+--------+-----+--------+

Top non-repeatable levels by time:
     D:1: 414 daAuts
